 Seeded DCSS version 0.30.1-11-g7821555f0a (webtiles) character file.

Game seed: 430007637681659361 (custom seed)

507378 mattiecakes the Axe Maniac (level 25, -1/246 (253) HPs)
             Began as a Hill Orc Fighter on Nov 9, 2023.
             Was the Champion of Zin.
             Slain by a quicksilver dragon (19 damage)
             ... on level 1 of the Realm of Zot on Nov 10, 2023.
             The game lasted 03:48:43 (57085 turns).

mattiecakes the Axe Maniac (Hill Orc Fighter)      Turns: 57085, Time: 03:48:44

HP:   -1/246 (253)  AC: 35    Str: 32    XL:     25   Next: 3%
MP:   0/35          EV: 16    Int: 11    God:    Zin [******]
Gold: 6006          SH: 22    Dex: 15    Spells: 24/24 levels left

rFire   + + .        t - +9 broad axe (protect)
rCold   + + +        T - +0 tower shield
rNeg    . . .        X - +5 gold dragon scales
rPois   +            u - +0 helmet {SInv}
rElec   .            o - scarf {rC+ rF+}
rCorr   .            Z - +0 pair of gloves "Fuuqi" {Will+ Str+3 Stlth+}
SInv    +            S - +1 pair of boots {Fly}
Will    ++...        j - amulet of guardian spirit
Stlth   +            V - ring of Myshaula {rC++ EV+5 Int+5 Stlth+}
HPRegen 0.61/turn    z - ring of Accord {rPois AC+4 Int-2 Dex+5}
MPRegen 0.24/turn

%: guardian spirit
@: about to teleport, flying, studying Axes, lightly drained
A: weak 1
}: 3/15 runes: decaying, silver, gossamer
a: Renounce Religion, Recite, Vitalisation, Imprison, Sanctuary, Donate Gold


You were on level 1 of the Realm of Zot.
You worshipped Zin.
Zin was exalted by your worship.
You visited 9 branches of the dungeon, and saw 43 of its levels.
You visited the Abyss 1 time.
You also visited: Ossuary.

You collected 8425 gold pieces.
You spent 2215 gold pieces at shops.
You donated 204 gold pieces to Zin.

Inventory:

Hand Weapons
 t - a +9 broad axe of protection (weapon)
Missiles
 g - 7 throwing nets (quivered)
Armour
 o - a scarf of resistance (worn)
 q - the +7 chain mail of Terror {rElec rF+++ Will- rCorr}
   (You found it on level 3 of the Elven Halls)

   rF:        It renders you almost immune to fire.
   rElec:     It insulates you from electricity.
   rCorr:     It protects you from acid and corrosion.
   Will:      It decreases your willpower.
 u - a +0 helmet of see invisible (worn)
 S - a +1 pair of boots of flying (worn)
 T - a +0 tower shield (worn)
 X - +5 gold dragon scales (worn)
 Z - the +0 pair of gloves "Fuuqi" (worn) {Will+ Str+3 Stlth+}
   (You found it on level 3 of the Elven Halls)

   Str:       It affects your strength (+3).
   Will:      It increases your willpower.
   Stlth:     It makes you more stealthy.
Jewellery
 j - an amulet of guardian spirit (around neck)
 s - a ring of protection from cold
 z - the ring of Accord (right hand) {rPois AC+4 Int-2 Dex+5}
   (You bought it in a shop on level 2 of the Orcish Mines)

   [ring of protection]

   AC:        It affects your AC (+4).
   Int:       It affects your intelligence (-2).
   Dex:       It affects your dexterity (+5).
   rPois:     It protects you from poison.
 V - the ring of Myshaula (left hand) {rC++ EV+5 Int+5 Stlth+}
   (You found it on level 15 of the Dungeon)

   [ring of evasion]

   EV:        It affects your evasion (+5).
   Int:       It affects your intelligence (+5).
   rC:        It greatly protects you from cold.
   Stlth:     It makes you more stealthy.
 W - the ring "Vythru" {rF+ Will+ Dex+6 Stlth-}
   (You took it off a frost giant on level 5 of the Vaults)

   [ring of dexterity]

   Dex:       It affects your dexterity (+6).
   rF:        It protects you from fire.
   Will:      It increases your willpower.
   Stlth:     It makes you less stealthy.
Wands
 n - a wand of flame (174)
 w - a wand of paralysis (39)
 x - a wand of iceblast (23)
 L - a wand of light (18)
 O - a wand of digging (8)
 Q - a wand of mindburst (56)
Scrolls
 b - 15 scrolls of teleportation
 c - a scroll of enchant armour
 e - 3 scrolls of vulnerability
 h - 3 scrolls of enchant weapon
 i - 5 scrolls of fear
 l - 9 scrolls of poison
 p - 4 scrolls of silence
 B - 7 scrolls of fog
 H - 9 scrolls of magic mapping
 I - 5 scrolls of amnesia
 P - 4 scrolls of summoning
Potions
 a - 9 potions of curing
 d - 4 potions of might
 f - 2 potions of magic
 k - 5 potions of cancellation
 m - 9 potions of ambrosia
 r - 10 potions of attraction
 v - 3 potions of brilliance
 A - a potion of invisibility
 C - 5 potions of berserk rage
 D - 2 potions of resistance
 E - 4 potions of haste
 F - 2 potions of heal wounds
 M - 7 potions of flight
 R - 7 potions of mutation


   Skills:
 - Level 26.1 Fighting
 O Level 27 Axes
 + Level 15.6 Armour
 - Level 11.7 Dodging
 - Level 15.0 Stealth
 + Level 22.1 Shields
 - Level 17.7 Invocations
 - Level 4.3 Evocations


You had 24 spell levels left.
You didn't know any spells.
Your spell library contained the following spells:

 Spells                   Type           Power      Damage    Failure   Level
 Apportation              Tloc           0%         N/A       99%         1
 Necrotise                Necr           0%         1d4       99%         1
 Sandblast                Erth           0%         2d4       99%         1
 Shock                    Conj/Air       0%         1d3       99%         1
 Slow                     Hex            0%         N/A       99%         1
 Sting                    Tmut/Pois      0%         1d3       99%         1
 Summon Small Mammal      Summ           0%         N/A       99%         1
 Blink                    Tloc           0%         N/A       100%        2
 Call Imp                 Summ           0%         N/A       100%        2
 Cigotuvi's Dreadful Rot  Necr/Pois/Air  0%         N/A       100%        2
 Ensorcelled Hibernation  Hex/Ice        0%         N/A       100%        2
 Lesser Beckoning         Tloc           0%         N/A       100%        2
 Momentum Strike          Conj/Tloc      0%         3d8       100%        2
 Passwall                 Tmut/Erth      0%         N/A       100%        2
 Poisonous Vapours        Pois/Air       0%         N/A       100%        2
 Static Discharge         Conj/Air       0%         2-2/arc   100%        2
 Sublimation of Blood     Necr           0%         N/A       100%        2
 Call Canine Familiar     Summ           0%         N/A       100%        3
 Confusing Touch          Hex            0%         N/A       100%        3
 Hailstorm                Conj/Ice       0%         3d3       100%        3
 Mephitic Cloud           Conj/Pois/Air  0%         N/A       100%        3
 Portal Projectile        Hex/Tloc       0%         N/A       100%        3
 Stone Arrow              Conj/Erth      0%         3d7       100%        3
 Summon Guardian Golem    Hex/Summ       0%         N/A       100%        3
 Swiftness                Air            0%         N/A       100%        3
 Tukima's Dance           Hex            0%         N/A       100%        3
 Vampiric Draining        Necr           0%         2d6       100%        3
 Vhi's Electric Charge    Tloc/Air       0%         N/A       100%        3
 Volatile Blastmotes      Fire/Tloc      0%         2d10      100%        3
 Cause Fear               Hex            0%         N/A       100%        4
 Flame Wave               Conj/Fire      0%         2d4       100%        4
 Fulminant Prism          Conj/Hex       0%         3d5       100%        4
 Ice Form                 Ice/Tmut       0%         N/A       100%        4
 Iskenderun's Mystic Bla  Conj/Tloc      0%         2d3       100%        4
 Leda's Liquefaction      Hex/Erth       0%         N/A       100%        4
 Olgreb's Toxic Radiance  Pois           0%         N/A       100%        4
 Passage of Golubria      Tloc           0%         N/A       100%        4
 Petrify                  Tmut/Erth      0%         N/A       100%        4
 Summon Lightning Spire   Summ/Air       0%         N/A       100%        4
 Alistair's Intoxication  Tmut/Pois      0%         N/A       100%        5
 Arcjolt                  Conj/Air       0%         1d10      100%        5
 Fireball                 Conj/Fire      0%         3d3       100%        5
 Freezing Cloud           Conj/Ice/Air   0%         6-21      100%        5
 Irradiate                Conj/Tmut      0%         3d11      100%        5
 Lee's Rapid Deconstruct  Erth           0%         3d4*      100%        5
 Metabolic Englaciation   Hex/Ice        0%         N/A       100%        5
 Silence                  Hex/Air        0%         N/A       100%        5
 Summon Forest            Summ/Tloc      0%         N/A       100%        5
 Summon Mana Viper        Hex/Summ       0%         N/A       100%        5
 Yara's Violent Unravell  Hex/Tmut       0%         3d3       100%        5
 Conjure Ball Lightning   Conj/Air       0%         3x3d6     100%        6
 Eringya's Noxious Bog    Tmut/Pois      0%         N/A       100%        6
 Iron Shot                Conj/Erth      0%         9d1       100%        6
 Plasma Beam              Fire/Air       0%         2x1d11    100%        6
 Simulacrum               Ice/Necr       0%         N/A       100%        6
 Starburst                Conj/Fire      0%         6d3       100%        6
 Statue Form              Tmut/Erth      0%         N/A       100%        6
 Summon Cactus Giant      Summ           0%         N/A       100%        6
 Dragon Form              Tmut           0%         N/A       100%        7
 Haunt                    Necr/Summ      0%         N/A       100%        7
 Monstrous Menagerie      Summ           0%         N/A       100%        7
 Storm Form               Tmut/Air       0%         N/A       100%        7
 Summon Hydra             Summ           0%         N/A       100%        7
 Discord                  Hex            0%         N/A       100%        8
 Disjunction              Tloc           0%         N/A       100%        8
 Ignition                 Fire           0%         3d3       100%        8
 Maxwell's Capacitive Co  Air            0%         ∞         100%        8
 Dragon's Call            Summ           0%         N/A       100%        9
 Fire Storm               Conj/Fire      0%         5d1       100%        9


Dungeon Overview and Level Annotations

Branches:
Dungeon (15/15)            Temple (0/1) D:4            Lair (5/5) D:8
  Swamp (4/4) Lair:3       Spider (4/4) Lair:2        Slime (0/5) Lair:5
    Orc (2/2) D:11            Elf (3/3) Orc:2        Vaults (5/5) D:13
  Crypt (0/3) Vaults:3     Depths (4/4) D:15            Zot (1/5) Depths:4
Ossuary (visited)

Altars:
Ashenzari
Dithmenos
Elyvilon
Fedhas
Hepliaklqana
Kikubaaqudgha
Nemelex Xobeh
Okawaru
Ru
Trog
Vehumet
Wu Jian
Yredelemnul
Zin
Jiyva

Shops:
D:6 !   Orc:1 (   Orc:2 =*[(:   Elf:2 =   Elf:3 !   Vaults:1 !   Vaults:2 ?
Vaults:4 (   Vaults:5 ?*   Depths:2 [(![   Depths:3 (

Portals:
Hell: Depths:1 Depths:2 Depths:3 Depths:4
Abyss: Depths:3 Depths:4
Pandemonium: Depths:2
Ziggurat: Depths:4


Innate Abilities, Weirdness & Mutations

You are weak. (Str -2)


Message History

The quicksilver dragon misses you.
The quicksilver dragon closely misses you.
You block the moth of wrath's attack.
The electric golem crackles and sizzles.
The quicksilver dragon bites you but does no damage.
The quicksilver dragon completely misses you.
As you read the scroll of fog, it crumbles to dust.
The scroll dissolves into smoke.
You block the quicksilver dragon's attack. x2
The moth of wrath closely misses you. You block the electric golem's attack.
The electric golem misses you. You block the electric golem's attack.
The electric golem barely misses you. The quicksilver dragon misses you.
The quicksilver dragon claws you but does no damage.
You block the moth of wrath's attack. The electric golem hits you.
* * * LOW HITPOINT WARNING * * *
The electric golem shocks you!!
* * * LOW HITPOINT WARNING * * *
The electric golem barely misses you.
The electric golem completely misses you.
The electric golem hits you but does no damage.
The quicksilver dragon attacks as you move away!
The quicksilver dragon bites you but does no damage.
The quicksilver dragon closely misses you.
You block the quicksilver dragon's attack. x2
You block the electric golem's attack. The electric golem barely misses you.
The electric golem hits you but does no damage. x2
The moth of wrath misses you.
You hear a roar!
The electric golem attacks as you move away!
The electric golem hits you but does no damage.
You block the electric golem's attack.
The electric golem hits you but does no damage. x2
The quicksilver dragon bites you but does no damage.
The quicksilver dragon claws you but does no damage.
The electric golem blinks!
You block the quicksilver dragon's attack. x2
The quicksilver dragon attacks as you move away!
The quicksilver dragon closely misses you.
The quicksilver dragon claws you!!
You die...

..........
!......... #
#......#.##### .#
#......#.#...#..#
#......#)§......#
#......§§§§.....
#......§§§§.....
####...yD###....
##§§§§@.# ...
###§...# . #....#
#.#### #.# ###.#
#...# #...###
#.....#


You could see a quicksilver dragon (berserk) and a moth of wrath.

Vanquished Creatures
  An ancient lich (Vaults:5)
  A juggernaut (Depths:3)
  A royal mummy (Depths:2)
  Boris (Depths:4)
  Bai Suzhen (Vaults:5)
  2 caustic shrikes (Depths:3)
  8 golden dragons
  A bone dragon (Swamp:4)
  Arachne (Spider:2)
  Jorgrun (Orc:1)
  4 tentacled monstrosities
  Mlioglotl (Spider:2)
  3 liches
  A deep elf master archer (Elf:3)
  2 deep elf blademasters (Elf:3)
  2 titans (Vaults:5)
  2 quicksilver dragons (Vaults:5)
  Gastronok (Lair:2)
  3 sphinxes
  A death cob (Zot:1)
  9 tengu reavers
  A thorn hunter (Swamp:2)
  2 tentacled starspawn (Abyss:2)
  5 shadow dragons
  Kirke (Lair:4)
  2 storm dragons
  3 fenstrider witches
  12 fire giants
  A draconian knight (Depths:4)
  An iron dragon (Depths:3)
  7 deep elf sorcerers
  8 frost giants
  A ghost moth (shapeshifter) (Vaults:5)
  4 ghost moths
  18 vault wardens
  3 orc warlords
  4 emperor scorpions
  10 deep elf elementalists
  A ghoul (Vaults:3)
  A draconian annihilator (Depths:4)
  18 ironbound preservers
  A caustic shrike zombie (Depths:3)
  A juggernaut zombie (Depths:3)
  A broodmother (shapeshifter) (Depths:4)
  5 war gargoyles
  35 very ugly things
  15 stone giants
  A spriggan defender (Depths:3)
  9 ironbound thunderhulks
  A broodmother (Spider:2)
  5 deep elf demonologists (Elf:3)
  4 dire elephants
  7 eleionomae
  3 vampire knights
  5 deep elf annihilators
  Azrael (D:15)
  3 green draconians
  2 black draconians (Depths:4)
  A bunyip (Swamp:1)
  A minotaur (shapeshifter) (Vaults:5)
  A purple draconian (Depths:3)
  A yellow draconian (Depths:4)
  8 spark wasps
  A blizzard demon (Depths:2)
  An eidolon (Vaults:3)
  3 crystal guardians
  Snorg (Orc:1)
  5 fire dragons
  4 deep elf death magi (Elf:3)
  2 jiangshi (Depths:2)
  2 mummy priests (Depths:2)
  10 ettins
  Josephine (Orc:2)
  6 yaktaur captains
  7 entropy weavers
  A shambling mangrove (Swamp:1)
  A great orb of eyes (shapeshifter) (Vaults:5)
  7 deep elf high priests
  A rakshasa (Depths:3)
  4 great orbs of eyes (Vaults:3)
  3 peacekeepers
  Fannar (Orc:1)
  8 ice dragons
  39 vault guards
  12 hydras
  3 jorogumos
  9 ironbound frosthearts
  A juggernaut simulacrum (Depths:3)
  8 ghost crabs
  16 centaur warriors
  2 ogre magi (Vaults:5)
  8 alligators
  22 dancing weapons
  4 radroaches
  11 boulder beetles
  18 death yaks
  4 tengu warriors
  6 two-headed ogres
  8 death scarabs (Spider:4)
  4 orc high priests
  5 deep troll earth magi (Depths:1)
  13 deep troll shamans
  Urug (Orc:1)
  4 spriggan berserkers
  2 vampire magi
  9 spriggans
  A skyshark (Lair:5)
  2 hell knights
  Sonja (Lair:1)
  9 iron trolls
  3 sun moths (Spider:3)
  36 deep elf knights
  A skeletal warrior (D:8)
  8 pharaoh ants
  A glowing orange brain (Vaults:1)
  A spectral death yak (Lair:3)
  A goliath frog (Swamp:2)
  A shadow wraith (Vaults:5)
  72 deep trolls
  A death drake (Swamp:3)
  6 orb spiders
  A spriggan druid (Swamp:4)
  2 flayed ghosts
  A steelbarb worm (shapeshifter) (Vaults:4)
  3 swamp dragons
  6 bog bodies
  16 deep elf archers
  6 lindwurms
  4 spectral hydras
  3 phantasmal warriors
  35 deep elf zephyrmancers
  5 steelbarb worms
  9 wizards
  A spectral wolf spider (Spider:4)
  22 ironbound convokers
  8 orc knights
  19 wolf spiders
  A mana viper (shapeshifter) (Depths:4)
  36 deep elf pyromancers
  41 ugly things
  A broodmother zombie (Spider:4)
  2 cyclopes
  A manticore (shapeshifter) (Vaults:5)
  5 necromancers
  7 orc sorcerers
  8 moths of wrath
  3 manticores
  A spectral boulder beetle (Lair:3)
  A stone giant skeleton (Vaults:5)
  4 elephants (Lair:5)
  13 vault sentinels
  3 will-o-the-wisps
  A fire giant skeleton (Depths:3)
  8 black mambas
  Maurice (D:12)
  A guardian serpent (Lair:5)
  4 gargoyles
  4 spectral redbacks (Spider:4)
  7 demonic crawlers
  13 cane toads
  13 yaktaurs
  A hellion (Abyss:2)
  An elf skeleton (Vaults:5)
  2 kobold demonologists
  6 torpor snails
  A redback zombie (Spider:4)
  2 freezing wraiths
  7 komodo dragons
  4 rime drakes
  An efreet (D:14)
  3 swamp worm zombies (Swamp:4)
  2 red devils (Depths:2)
  A spectral skyshark (Lair:3)
  2 tengu conjurers
  6 trolls
  4 meliai
  5 hydra zombies (Swamp:4)
  A harpy skeleton (Abyss:2)
  4 spectral culicivoras (Spider:4)
  A polar bear (Lair:4)
  24 tarantellas
  8 tyrant leeches
  11 blink frogs
  2 jumping spider zombies (Spider:4)
  A spectral elephant (Lair:3)
  A spectral jumping spider (Spider:4)
  4 alligator zombies (Swamp:4)
  16 hornets
  Prince Ribbit (D:7)
  A spectral dream sheep (Lair:3)
  A tarantella zombie (Spider:4)
  10 dream sheep
  2 spectral swamp dragons (Swamp:4)
  37 slime creatures
  A flying skull (Abyss:2)
  A culicivora zombie (Spider:4)
  A spectral black mamba (Lair:3)
  29 jumping spiders
  2 air elementals
  An ettin skeleton (Vaults:5)
  19 culicivoras
  2 ynoxinuls
  3 shadows
  5 hogs (Lair:4)
  5 water elementals
  4 wraiths
  31 yaks
  4 fire elementals
  10 wyverns
  A human (shapeshifter) (Elf:3)
  5 steam dragons
  A basilisk (Lair:5)
  48 redbacks
  A redback (shapeshifter) (Depths:3)
  9 vampire mosquitoes
  Menkaure (D:6)
  12 swamp worms
  A warg (Elf:1)
  A neqoxec (Depths:2)
  6 acid dragons
  21 water moccasins
  Duvessa (D:4)
  3 hell hounds (D:15)
  2 swamp drakes
  An ice beast (D:7)
  2 swamp dragon zombies (Swamp:4)
  2 hornet zombies (Ossuary)
  4 sky beasts
  9 ogres
  27 orc warriors
  8 centaurs
  5 phantoms (Swamp:4)
  A spectral basilisk (Lair:3)
  3 kobold brigands
  Blork the orc (D:6)
  10 bullfrogs
  6 earth elementals
  A gnoll sergeant (Orc:2)
  A scorpion (Lair:1)
  A glowing shapeshifter simulacrum (Depths:3)
  A water moccasin zombie (Ossuary)
  14 wights
  Dowan (D:4)
  4 electric eels
  5 howler monkeys
  3 centaur zombies (Ossuary)
  A small abomination (Abyss:2)
  7 bullfrog zombies (Ossuary)
  5 jellies
  21 orc priests
  4 hounds
  Crazy Yiuf (D:5)
  2 gnoll boudas
  13 mummies (Ossuary)
  Terence (D:2)
  8 iguanas
  3 sleepcaps
  26 orc wizards
  A spectral swamp drake (Swamp:4)
  3 polar bear simulacra (Lair:3)
  4 wolf simulacra (Lair:3)
  A yak simulacrum (Lair:3)
  3 killer bee zombies (Ossuary)
  A howler monkey zombie (Ossuary)
  Robin (D:4)
  2 swamp drake zombies (Swamp:4)
  8 adders
  17 gnolls
  2 white imps
  An ufetubus (D:5)
  3 worms
  4 dart slugs
  A dart slug (shapeshifter) (Vaults:5)
  80 orcs
  10 endoplasms
  8 giant cockroaches
  15 goblins
  13 hobgoblins
  5 jackals
  5 quokkas
  12 ball pythons
  10 bats
  A frilled lizard (D:1)
  18 kobolds
  5 rats
  3 river rat simulacra (Lair:3)
  2 starspawn tentacles (Abyss:2)
1848 creatures vanquished.

Vanquished Creatures (others)
  A ghost crab (Swamp:4)
  2 deep elf knights
  3 deep elf pyromancers (Elf:1)
  A deep elf zephyrmancer (Elf:3)
  9 bloated husks
  A tarantella (Spider:3)
  A spriggan (Swamp:4)
  A culicivora (Spider:2)
  2 phantoms (Swamp:4)
  An orc (Orc:2)
  19 foxfires
41 creatures vanquished.

Grand Total: 1889 creatures vanquished

Notes
Turn   | Place    | Note
-------+----------+-------------------------------------------
     0 | D:1      | mattiecakes the Hill Orc Fighter began the quest for the
                  | Orb.
     0 | D:1      | Reached XP level 1. HP: 19/19 MP: 1/1
    47 | D:1      | Reached skill level 3 in Axes
   101 | D:1      | Reached XP level 2. HP: 25/26 MP: 2/2
   202 | D:1      | Reached skill level 4 in Axes
   447 | D:1      | Reached XP level 3. HP: 29/31 MP: 3/3
   660 | D:2      | Noticed Terence
   681 | D:2      | Reached skill level 5 in Axes
   685 | D:2      | Killed Terence
   686 | D:2      | Reached XP level 4. HP: 13/39 MP: 4/4
   932 | D:2      | Reached skill level 6 in Axes
  1120 | D:2      | Found a faded altar of an unknown god.
  1163 | D:2      | Found an ancient bone altar of Kikubaaqudgha.
  1228 | D:2      | Prayed at the altar of an unknown god.
  1228 | D:2      | Became a worshipper of Zin the Law-Giver
  1228 | D:2      | Reached * piety under Zin
  1230 | D:2      | Identified 4 scrolls of acquirement
  1230 | D:2      | Acquired a +4 ring of protection
  1233 | D:2      | Acquired a +5 broad axe of electrocution
  1236 | D:2      | Acquired the +0 chain mail "Paupniy" {Rampage rF+}
  1248 | D:2      | Acquired a manual of Axes
  1315 | D:3      | Found a bloodstained altar of Trog.
  1315 | D:3      | Found an ornate altar of the Wu Jian Council.
  1349 | D:3      | Reached ** piety under Zin
  1451 | D:3      | Reached skill level 7 in Axes
  1451 | D:3      | Reached XP level 5. HP: 30/45 MP: 5/5
  1667 | D:3      | Reached skill level 8 in Axes
  1673 | D:3      | Found a basalt altar of Yredelemnul.
  1769 | D:3      | Reached skill level 9 in Axes
  1916 | D:3      | Found a sparkling altar of Nemelex Xobeh.
  2074 | D:3      | Reached XP level 6. HP: 51/51 MP: 6/6
  2333 | D:4      | Reached skill level 10 in Axes
  2488 | D:4      | Found a staircase to the Ecumenical Temple.
  2532 | D:4      | Noticed Duvessa
  2533 | D:4      | Noticed Dowan
  2541 | D:4      | Killed Duvessa
  2542 | D:4      | Reached skill level 11 in Axes
  2551 | D:4      | Killed Dowan
  2552 | D:4      | Reached XP level 7. HP: 54/57 MP: 7/7
  2633 | D:4      | Reached skill level 12 in Axes
  2769 | D:4      | Got the Tome of Luminous Command
  2781 | D:4      | Noticed Robin
  2788 | D:4      | Killed Robin
  2805 | D:4      | Reached *** piety under Zin
  3053 | D:4      | Reached skill level 13 in Axes
  3188 | D:5      | Entered Level 5 of the Dungeon
  3334 | D:5      | Reached skill level 14 in Axes
  3488 | D:5      | Noticed a shadow
  3511 | D:5      | Reached XP level 8. HP: 7/64 MP: 5/8
  3511 | D:5      | HP: 1/64 [gnoll/+2 vampiric halberd[a gnoll bouda] (10)]
  3515 | D:5      | Killed a shadow
  3516 | D:5      | Reached skill level 15 in Axes
  3519 | D:5      | Reached skill level 16 in Axes
  3735 | D:5      | Found a runed translucent door.
  3736 | D:5      | Noticed Crazy Yiuf
  4278 | D:5      | Killed Crazy Yiuf
  4279 | D:5      | Reached skill level 17 in Axes
  4338 | D:6      | Reached skill level 18 in Axes
  4378 | D:6      | Found Ybrut's Distillery.
  4411 | D:6      | Found a broken altar of Ashenzari.
  4423 | D:6      | Reached skill level 19 in Axes
  4423 | D:6      | Reached XP level 9. HP: 64/70 MP: 9/9
  4640 | D:6      | Noticed Blork the orc
  4645 | D:6      | Killed Blork the orc
  4768 | D:6      | Noticed Menkaure
  4772 | D:6      | Killed Menkaure
  4773 | D:6      | Reached skill level 20 in Axes
  5101 | D:7      | Found a hazy altar of Hepliaklqana.
  5191 | D:7      | Noticed Prince Ribbit
  5198 | D:7      | Killed Prince Ribbit
  5224 | D:7      | Reached **** piety under Zin
  5418 | D:7      | Found a shadowy altar of Dithmenos.
  5466 | D:7      | Reached skill level 21 in Axes
  5553 | D:7      | Reached XP level 10. HP: 77/77 MP: 10/10
  6046 | D:5      | Acquired a manual of Axes
  6125 | D:8      | Found a sand-covered staircase.
  6130 | Ossuary  | Entered an ossuary
  6148 | Ossuary  | Reached ***** piety under Zin
  6193 | Ossuary  | Reached skill level 1 in Invocations
  6295 | Ossuary  | Reached skill level 1 in Dodging
  6563 | D:8      | Reached skill level 22 in Axes
  6731 | D:8      | Noticed a death yak
  6731 | D:8      | Noticed a death yak
  6763 | D:8      | Killed a death yak
  6764 | D:8      | Reached skill level 5 in Fighting
  6769 | D:8      | Noticed a death yak
  6770 | D:8      | Noticed a death yak
  6770 | D:8      | Noticed a death yak
  6778 | D:8      | Killed a death yak
  6779 | D:8      | Reached skill level 5 in Armour
  6779 | D:8      | Reached XP level 11. HP: 48/88 MP: 11/14
  6785 | D:8      | Killed a death yak
  6786 | D:8      | Reached skill level 5 in Shields
  6803 | D:8      | Killed a death yak
  6808 | D:8      | Killed a death yak
  6816 | D:8      | Reached skill level 5 in Invocations
  6964 | D:8      | Found a staircase to the Lair.
  7285 | D:8      | Noticed a centaur warrior
  7291 | D:8      | Noticed a cyan ugly thing
  7294 | D:8      | Killed a centaur warrior
  7304 | D:8      | Noticed a skeletal warrior
  7370 | D:8      | Acquired a manual of Axes
  7548 | D:8      | Reached skill level 23 in Axes
  7933 | D:8      | Killed a cyan ugly thing
  8099 | D:8      | Killed a skeletal warrior
  8263 | D:8      | Got the Incunable of the Coarse Evil Eye
  8264 | D:8      | Identified the +0 shadow dragon scales "Majy" {rElec Regen+
                  | Str+3 Dex+3 Stlth++++}
  8269 | D:8      | Got the Almanac of Doom and the Volley
  8919 | D:9      | Reached XP level 12. HP: 100/100 MP: 16/16
  9224 | D:10     | Entered Level 10 of the Dungeon
  9315 | D:10     | Found an iron altar of Okawaru.
  9384 | D:10     | Noticed a two-headed ogre
  9405 | D:10     | Killed a two-headed ogre
  9704 | D:10     | Found a radiant altar of Vehumet.
 10170 | D:11     | Noticed a boulder beetle
 10207 | D:10     | Killed a boulder beetle
 10398 | D:11     | Found a staircase to the Orcish Mines.
 10407 | D:11     | Reached ****** piety under Zin
 10520 | D:11     | Identified the +5 great mace "Spiderslayer" {venom, rPois
                  | Str+2}
 10877 | D:12     | Noticed Maurice
 10889 | D:12     | Killed Maurice
 11018 | D:12     | Reached skill level 5 in Dodging
 11718 | Lair:1   | Entered Level 1 of the Lair of Beasts
 11727 | Lair:1   | Reached skill level 24 in Axes
 12151 | Lair:1   | Noticed Sonja
 12166 | Lair:1   | Killed Sonja
 12631 | Lair:2   | Reached XP level 13. HP: 110/110 MP: 19/19
 12818 | Lair:2   | Noticed Gastronok
 12829 | Lair:2   | Killed Gastronok
 12908 | Lair:2   | Found a hole to the Spider Nest.
 13089 | Lair:2   | You fall into a shaft and drop 2 floors!
 14063 | Lair:3   | Identified the +1 leather armour "Fuodghelu" {Rampage Str-5
                  | Dex+7}
 14709 | Lair:3   | Identified the +8 rapier of the Riding Pariah {flame,
                  | Fragile Str+5 Dex+2}
 15277 | Lair:3   | Found a staircase to the Swamp.
 15533 | Lair:4   | Reached skill level 10 in Fighting
 15533 | Lair:4   | Reached skill level 10 in Invocations
 15576 | Lair:4   | Reached skill level 25 in Axes
 15879 | Lair:4   | Reached XP level 14. HP: 78/121 MP: 21/21
 16392 | Lair:4   | Noticed Kirke
 16409 | Lair:4   | Noticed a sphinx
 16426 | Lair:4   | Killed Kirke
 16799 | Lair:5   | Entered Level 5 of the Lair of Beasts
 17037 | Lair:5   | Identified the +0 leather armour of Tuem {Dex+7}
 17094 | Lair:5   | Found a viscous altar of Jiyva.
 17094 | Lair:5   | Found a staircase to the Slime Pits.
 17128 | Lair:5   | Reached skill level 10 in Armour
 17418 | Lair:5   | Reached skill level 10 in Shields
 18653 | Lair:4   | HP: 5/124 [death yak (20)]
 19008 | Lair:5   | Reached skill level 26 in Axes
 19312 | Lair:5   | Reached XP level 15. HP: 67/130 MP: 23/23
 19841 | Lair:5   | Identified the -1 kite shield of Geyro {rC+}
 20687 | D:13     | Identified the +0 cloak of the Volcano {rElec Dex+4 Slay-3}
 21023 | D:13     | Found a gate to the Vaults.
 21490 | Orc:1    | Entered Level 1 of the Orcish Mines
 21548 | Orc:2    | Entered Level 2 of the Orcish Mines
 21718 | Orc:2    | Found Iguimm's Vocational Training.
 21841 | Orc:2    | Found a staircase to the Elven Halls.
 21844 | Orc:2    | Noticed Josephine
 21902 | Orc:1    | Noticed Urug
 21906 | Orc:1    | Killed Urug
 22275 | Orc:1    | Noticed Fannar
 22275 | Orc:1    | Noticed Jorgrun
 22756 | Orc:1    | Killed Fannar
 22761 | Orc:1    | Killed Jorgrun
 22806 | Orc:1    | Noticed Snorg
 22821 | Orc:1    | Killed Snorg
 22931 | Orc:1    | Found Umeijir's Weapon Emporium.
 23356 | Orc:2    | Killed Josephine
 23361 | Orc:2    | Noticed an orc warlord
 23373 | Orc:2    | Killed an orc warlord
 23614 | Orc:2    | Found Cevits's Antique Armour Shop.
 23615 | Orc:2    | Found Voruwn's Antique Weapon Boutique.
 23617 | Orc:2    | Found Ecuawij's General Store.
 23617 | Orc:2    | Found Medav's Jewellery Shop.
 23652 | Orc:2    | Bought the ring of Accord {rPois AC+4 Int-2 Dex+5} for 856
                  | gold pieces
 23976 | Spider:1 | Entered Level 1 of the Spider Nest
 23982 | Spider:1 | Reached skill level 27 in Axes
 23990 | Spider:1 | Killed a ghost moth
 24222 | Spider:1 | Reached XP level 16. HP: 72/140 MP: 25/25
 25386 | Spider:2 | Noticed Mlioglotl
 25398 | Spider:2 | Killed Mlioglotl
 25614 | Spider:2 | Noticed Arachne
 25624 | Spider:2 | Killed Arachne
 26832 | Spider:3 | Gained mutation: You are weak. (Str -2) [mutagenic glow]
 27102 | Spider:3 | Reached XP level 17. HP: 152/152 MP: 28/28
 27181 | Spider:4 | Entered Level 4 of the Spider Nest
 27514 | Spider:4 | Reached skill level 15 in Invocations
 27824 | Spider:4 | Identified the +5 buckler "Hol Luot" {Str+3 Int+3}
 27936 | Spider:4 | Reached skill level 10 in Dodging
 28313 | Spider:4 | Got a gossamer rune of Zot
 28337 | Spider:4 | Identified the -2 hat "Fitukloch" {Int+3}
 28763 | Swamp:1  | Entered Level 1 of the Swamp
 28928 | Swamp:1  | Reached skill level 15 in Fighting
 29095 | Swamp:1  | Found a sacrificial altar of Ru.
 29659 | Swamp:2  | Reached XP level 18. HP: 163/163 MP: 30/30
 30718 | Swamp:4  | Entered Level 4 of the Swamp
 31650 | Swamp:4  | Noticed a bone dragon
 31671 | Swamp:4  | Killed a bone dragon
 31680 | Swamp:4  | Got a decaying rune of Zot
 32161 | D:14     | Found a broken altar of Ashenzari.
 32532 | D:14     | Reached skill level 1 in Evocations
 33222 | Elf:1    | Entered Level 1 of the Elven Halls
 33313 | Elf:1    | Reached skill level 15 in Armour
 33440 | Elf:1    | Reached XP level 19. HP: 138/172 MP: 31/31
 33450 | Elf:1    | Paralysed by an air elemental for 1 turns
 33790 | Elf:1    | Reached skill level 15 in Shields
 33852 | Elf:1    | Got the Compendium of Distant Worlds
 34386 | Elf:2    | Found Dijycurr's Jewellery Shop.
 34653 | Elf:2    | Found a runed translucent gate.
 34656 | Elf:2    | Found a runed translucent gate.
 34656 | Elf:2    | Found a runed translucent gate.
 35084 | Elf:2    | Reached skill level 1 in Stealth
 35585 | Elf:3    | Entered Level 3 of the Elven Halls
 35651 | Elf:3    | Noticed an Ice Fiend
 35723 | Elf:3    | Reached skill level 5 in Stealth
 36218 | Elf:3    | Noticed a Brimstone Fiend
 36231 | Elf:3    | Reached XP level 20. HP: 123/183 MP: 32/32
 36620 | Abyss:2  | Cast into level 2 of the Abyss (a deep elf sorcerer)
 36654 | Abyss:2  | Found a corrupted altar of Lugonu.
 36669 | Abyss:2  | Found a corrupted altar of Lugonu.
 36669 | Abyss:2  | Found a corrupted altar of Lugonu.
 36836 | Abyss:2  | Found a snail-covered altar of Cheibriados.
 36957 | Elf:3    | Escaped the Abyss
 37155 | Elf:3    | Identified the ring "Morot" {MP+9 Str+2 Stlth+}
 37187 | Elf:3    | Reached skill level 10 in Stealth
 37236 | Elf:3    | Identified the +8 plate armour of Integrity {*Slow rElec
                  | Str+4 Stlth+}
 37243 | Elf:3    | Identified the +7 chain mail of Terror {rElec rF+++ Will-
                  | rCorr}
 37249 | Elf:3    | Identified the +0 pair of gloves "Fuuqi" {Will+ Str+3
                  | Stlth+}
 37375 | Elf:3    | Identified the +7 dagger "Omet" {flame, Dex+5}
 37377 | Elf:3    | Identified the staff of earth "Zatide" {rPois rN+ Dex+2}
 37380 | Elf:3    | Identified the +6 flail of Cetap {flame, Contam Dex+4}
 37518 | Elf:3    | Found Nuzoch's Distillery.
 37539 | Elf:3    | Bought a potion of ambrosia for 136 gold pieces
 37539 | Elf:3    | Bought a potion of resistance for 170 gold pieces
 37721 | Elf:3    | Got the Codex of Apparitions
 38494 | Elf:1    | Acquired 538 gold pieces
 38646 | D:15     | Entered Level 15 of the Dungeon
 38902 | D:15     | Noticed Azrael
 38907 | D:15     | Killed Azrael
 39017 | D:15     | Identified the ring of Myshaula {rC++ EV+5 Int+5 Stlth+}
 39205 | D:15     | Found a staircase to the Depths.
 39469 | Vaults:1 | Entered Level 1 of the Vaults
 40159 | Vaults:1 | Identified the +6 rapier of Moral Flaws {drain, Stlth+}
 40242 | Vaults:1 | Identified the +1 robe "Teicenuk" {Harm rPois}
 40328 | Vaults:1 | Found Atseax's Distillery.
 40337 | Vaults:1 | Bought a potion of heal wounds for 100 gold pieces
 40337 | Vaults:1 | Bought a potion of haste for 200 gold pieces
 40650 | Vaults:2 | Reached XP level 21. HP: 175/190 MP: 33/33
 41409 | Vaults:2 | Found Ferpheca's Magic Scroll Shop.
 41417 | Vaults:2 | Bought a scroll of summoning for 123 gold pieces
 41471 | Vaults:2 | Reached skill level 15 in Stealth
 42033 | Vaults:3 | Paralysed by a great orb of eyes for 2 turns
 42877 | Vaults:3 | Found a staircase to the Crypt.
 43297 | Vaults:4 | Reached XP level 22. HP: 198/198 MP: 34/34
 44139 | Vaults:4 | Found Janoag's Weapon Boutique.
 44603 | Vaults:5 | Entered Level 5 of the Vaults
 45126 | Vaults:5 | Noticed a golden dragon
 45178 | Vaults:5 | Noticed an ancient lich
 45193 | Vaults:4 | Killed a golden dragon
 46267 | Vaults:5 | Noticed a golden dragon
 46376 | Vaults:5 | Noticed Bai Suzhen
 46565 | Vaults:5 | Identified the staff of conjuration "Woreohad" {Will+}
 46605 | Vaults:5 | Reached XP level 23. HP: 181/181 MP: 35/35
 46721 | Vaults:5 | Identified the ring "Vythru" {rF+ Will+ Dex+6 Stlth-}
 46723 | Vaults:5 | Killed a golden dragon
 46776 | Vaults:5 | Identified the +7 battleaxe "Jellybane" {antimagic, *Rage
                  | rN+ Will++ SInv}
 46786 | Vaults:5 | Killed an ancient lich
 46973 | Vaults:5 | Got a silver rune of Zot
 47017 | Vaults:5 | Identified the staff of air "Ydaokh" {rElec Str+7 Int-4}
 47022 | Vaults:5 | Got the Discourse on Combustion and Charms
 47093 | Vaults:5 | Killed Bai Suzhen
 47159 | Vaults:5 | Noticed a golden dragon
 47168 | Vaults:5 | Killed a golden dragon
 47438 | Vaults:5 | Got the Handbook of Baleful Ouranomancy
 47587 | Vaults:5 | Identified the +3 great sword of Caodghiy {flame, Str+3}
 48240 | Orc:2    | Bought an amulet of guardian spirit for 480 gold pieces
 48566 | Vaults:5 | Found Xaecsave's Magic Scroll Shop.
 48647 | Vaults:5 | Found Enebb's General Store.
 48664 | Vaults:5 | Identified the +4 ring mail "Leargh" {Harm Str-3 Dex+7}
 48914 | Vaults:5 | Identified the staff of death "Vuextetyowk" {*Slow rElec
                  | rF- rN+ Will+++}
 48993 | Vaults:5 | Identified the +0 robe "Inasif" {+Inv rPois}
 49302 | Depths:1 | Entered Level 1 of the Depths
 49446 | Depths:1 | Found a gateway to Hell.
 49500 | Depths:1 | Found a blossoming altar of Fedhas.
 50155 | Depths:1 | Found a flickering gateway to a bazaar.
 50721 | Depths:1 | Reached XP level 24. HP: 231/231 MP: 35/35
 50926 | Depths:2 | Found Pufec's Distillery.
 50987 | Depths:2 | Bought a potion of resistance for 150 gold pieces
 51194 | Depths:2 | Found Oskenuts's Armour Boutique.
 51371 | Depths:2 | Noticed a royal mummy
 51872 | Depths:2 | Found Xam Kemi's Armour Shop.
 51937 | Depths:2 | Killed a royal mummy
 52252 | Depths:2 | Found Geblinga's Antique Weapon Emporium.
 52523 | Depths:2 | Noticed a royal mummy
 52530 | Depths:2 | Noticed a royal mummy
 52902 | Depths:2 | Found a one-way gate leading to the halls of Pandemonium.
 53586 | Depths:3 | Found Inkored's Weapon Boutique.
 53756 | Depths:3 | Noticed a juggernaut
 53756 | Depths:3 | Noticed a caustic shrike
 54058 | Depths:3 | Found a one-way gate to the infinite horrors of the Abyss.
 54611 | Depths:3 | Killed a juggernaut
 54706 | Depths:3 | Killed a caustic shrike
 54774 | Depths:3 | Identified the +8 spear of Insomnia {speed, Fragile Will+
                  | Str-5 Int+8}
 55068 | Depths:3 | Noticed a caustic shrike
 55075 | Depths:3 | Killed a caustic shrike
 55592 | Depths:4 | Entered Level 4 of the Depths
 55809 | Depths:4 | Found a white marble altar of Elyvilon.
 55816 | Depths:4 | Noticed Boris
 55832 | Depths:4 | Killed Boris
 56357 | Depths:3 | HP: 9/230 [storm dragon/bolt of lightning (11)]
 56792 | Depths:4 | Reached XP level 25. HP: 199/242 MP: 30/35
 56919 | Depths:4 | Found a gate to the Realm of Zot.
 56939 | Depths:4 | Found a one-way gateway to a ziggurat.
 57016 | Zot:1    | Entered Level 1 of the Realm of Zot
 57085 | Zot:1    | Slain by a quicksilver dragon

Illustrated notes

Levels and vault maps discovered:
D:1:      wander_arrival_chamber, layout_basic, kennysheep_boxes
D:2:      layout_rooms, dilly_ecumenical_altar_fadedgnrine, basic_altar,
          uniq_terence
D:3:      layout_basic, mainiacjoe_overflow_swirl, jmf_multi_god_temple,
          minmay_puff
D:4:      layout_loops_corners, minmay_temple_entry_junction_2,
          minmay_joined_circles, uniq_robin, uniq_duvessa
D:5:      layout_layer_cave, uniq_crazy_yiuf_cottage
D:6:      layout_rooms, mainiacjoe_overflow_catwalk, serial_shops,
          nicolae_shop_statue_plus, serial_park_tiny_1, uniq_blork_the_orc,
          uniq_menkaure
D:7:      layout_loops_cross, mainiacjoe_overflow_surrounded_room,
          mainiacjoe_overflow_alcove_4, uniq_prince_ribbit1
D:8:      minmay_the_grid_triangle_9x9_rhombus_full
          [minmay_the_grid_triangle_9x9_zippers_horizontal,
          minmay_the_grid_triangle_9x9_descending_squares,
          minmay_the_grid_triangle_9x9_wacky_v,
          minmay_the_grid_triangle_9x9_corruption,
          minmay_the_grid_triangle_9x9_negative_grid,
          minmay_the_grid_triangle_9x9_zippers_vertical,
          minmay_the_grid_triangle_9x9_limited_checkers,
          minmay_the_grid_triangle_9x9_prize_insulated], layout_loops_corners,
          dpeg_lair_monsters, enter_ossuary_2
D:9:      cheibrodos_elevator_heist, layout_basic
D:10:     layout_roguey, mainiacjoe_overflow_alcove_1,
          mainiacjoe_overflow_24_doors, dreamdust_gnoll_shepherd
D:11:     layout_long_grid, orc_david_3
D:12:     layout_irregular_city, uniq_maurice
D:13:     layout_long_grid, erik_vaults_2
D:14:     layout_loops_cross, evilmike_ruin_ashenzari, hangedman_corner_corridor
D:15:     hangedman_depths_entry_try_elsewhere_first, layout_loops_ring,
          minivault_14, uniq_azrael
Lair:1:   layout_regular_city, serial_bayou_shore_a, grunt_megastairs_3,
          lemuel_fruit_tree, uniq_sonja
Lair:2:   layout_layer_cave, spider_nest_entry_rubble, minmay_lindwurm_lava,
          uniq_gastronok
Lair:3:   layout_cave_pods, nicolae_swamp_entry_spooky, fungi_pond_lemuel,
          eino_house_with_fridge
Lair:4:   layout_cave_pods, grunt_forest_stairs_basic,
          nicolae_quartered_pool_medium, uniq_kirke
Lair:5:   hangedman_lair_tendril_chambers, layout_gridlike,
          guppyfry_lair_end_dragon, nicolae_slime_entry_slimehenge,
          serial_bayou_lagoon_b
Swamp:1:  layout_basic_swamp, lemuel_altar_in_water
Swamp:2:  layout_falls_marsh, nicolae_swamp_rocky_clearing
Swamp:3:  layout_basic_swamp, evilmike_swamp_ruin_rubble_1
Swamp:4:  swamp_pestilence, layout_basic_swamp
Spider:1: nicolae_spider_hilbert_zone_1 [nicolae_spider_hilbert_4_sides_1_open,
          nicolae_spider_hilbert_4_sides_1_open,
          nicolae_spider_hilbert_4_sides_1_open,
          nicolae_spider_hilbert_4_sides_1_open,
          nicolae_spider_hilbert_3_sides_1_open,
          nicolae_spider_hilbert_3_sides_1_open,
          nicolae_spider_hilbert_3_sides_1_open,
          nicolae_spider_hilbert_3_sides_1_open,
          nicolae_spider_hilbert_3_sides_1_open,
          nicolae_spider_hilbert_6_sides_1_open,
          nicolae_spider_hilbert_6_sides_1_open,
          nicolae_spider_hilbert_3_sides_1_open,
          nicolae_spider_hilbert_3_sides_1_open,
          nicolae_spider_hilbert_3_sides_1_open,
          nicolae_spider_hilbert_3_sides_1_open,
          nicolae_spider_hilbert_2_sides_1_open]
Spider:2: layout_spider_delve, uniq_mlioglotl, uniq_arachne
Spider:3: layout_spider_delve, spiders_nest_spider_trap
Spider:4: floodkiller_spider_rune_tomb
Orc:1:    layout_diamond_mine, serial_shops, shop, minmay_orc_keep, uniq_snorg,
          uniq_jorgrun, uniq_fannar, uniq_urug
Orc:2:    st_orc_congregation, layout_caves, nicolae_shop_vocational,
          uniq_josephine
Elf:1:    nicolae_elf_arrival_fired_up, layout_gridlike, serial_glass,
          glass_columns_a, glass_columns_b, minmay_elf_annihilation
Elf:2:    nicolae_elf_blades_crystal_corner, layout_loops_ring, serial_shops,
          nicolae_shop_tiny_waterfront
Elf:3:    minmay_elf_hall_spiked, layout_loops_cross, serial_shops, shop,
          minmay_elf_demonology
Vaults:1: portal_desolation_entry_nicolae_slug, hangedman_vaults_corner_blocks,
          v_pattern_1, nicolae_vaults_house_1, v_misc_23, v_alt_pattern_2,
          nicolae_vaults_double_plus_1, layout_vaults_omnigrid, serial_shops,
          shop
Vaults:2: nicolae_vaults_house_1, grunt_vaults_hallway_short,
          hangedman_vaults_stream, hangedman_vaults_corner,
          nicolae_vaults_tetromino_L_2, nicolae_vaults_tetromino_Z_2,
          nicolae_vaults_storage_closets_1, nicolae_vaults_closet_pinwheel_5,
          ontoclasm_vaults_fault, nicolae_vaults_network_s,
          nicolae_vaults_little_squares_2, ontoclasm_vaults_loading_screen,
          layout_vaults_omnicross, serial_shops, shop_fountains
Vaults:3: minmay_crypt_entry_simple_statues, v_alt_pattern_6, v_pattern_5,
          hangedman_vaults_variations, grunt_vaults_twisty, v_rooms_6,
          nicolae_vaults_double_plus_2, hangedman_vaults_capsules,
          nicolae_vaults_apartment_2, grunt_vaults_diagonal,
          nicolae_vaults_security_offices_6, nicolae_vaults_storage_room_doors,
          ontoclasm_vaults_claustrophobia, layout_vaults_ring
Vaults:4: nicolae_vaults_closet_pinwheel_4, nicolae_vaults_trapezoid_1,
          nicolae_vaults_arrows, nicolae_vaults_three_branches, v_alt_pattern_6,
          v_misc_17, nicolae_vaults_diagonal_hallway_8,
          nicolae_vaults_little_squares_6, v_misc_22, nicolae_vaults_octothorpe,
          nicolae_vaults_double_plus_2, layout_vaults_big_room, serial_shops,
          shop
Vaults:5: serial_shops, uniq_bai_suzhen
Depths:1: nzn_winding_woodlands_small [nzn_winding_woodlands_5x15_eye,
          nzn_winding_woodlands_center_pierced_h,
          nzn_winding_woodlands_5x15_twine], layout_gridville,
          minmay_splitting_lines, hangedman_geh_valley, serial_shops,
          bzr_entry_road, kennysheep_decorative_pillar,
          hangedman_abyss_or_decor_passed, chequers_jeans, hex_tiny,
          fedhas_altar_2
Depths:2: minmay_guarded_unrand_sceptre_of_torment, layout_honeycomb,
          serial_rivers, chequers_serial_rivers_large_a,
          chequers_serial_rivers_small_3, chequers_serial_rivers_marsh,
          chequers_serial_rivers_room_b, chequers_serial_rivers_micro_c,
          grunt_hell_entry_dis_old, serial_shops, kennysheep_mini,
          nicolae_shop_industrial_runoff, nicolae_shop_real_fake_doors,
          kennysheep_mini_moat, rand_demon_pan_entry_1
Depths:3: evilmike_diamond_2, layout_gridlike, abyss_entry, serial_shops,
          nicolae_shop_just_a_little_nook, hell_entry,
          chequers_serial_rivers_small_a
Depths:4: grunt_zot_entry_alcove, layout_gridlike, enter_ziggurat_c, hell_entry,
          abyss_entry, elyvilon_altar_5, uniq_boris
Zot:1:    layout_misc_corridors, gammafunk_ghost_crypt, lemuel_baited_zot_trap,
          nicolae_shop_clearance, grunt_megastairs_5, uniq_josephina

Skill      XL: |  1  2  3  4  5  6  7  8  9 10 11 12 13 14 15 16 17 18 19 20 21 22 23 24 |
---------------+-------------------------------------------------------------------------+-----
Axes           | 3 4 5 7 9 11 14 19 21 22 23 24 25 26 27 | 27.0
Invocations    | 4 6 8 10 11 13 14 16 17 | 17.7
Fighting       | 5 7 8 10 11 12 14 15 16 22 26 | 26.1
Dodging        | 2 4 5 6 7 8 9 10 11 | 11.7
Armour         | 5 6 8 9 10 11 12 14 15 | 15.6
Shields        | 4 6 7 9 10 11 12 13 14 15 18 22 | 22.1
Evocations     | 2 4 |  4.3
Stealth        | 7 13 15 | 15.0

Action                     |  1- 3 |  4- 6 |  7- 9 | 10-12 | 13-15 | 16-18 | 19-21 | 22-24 | 25-27 || total
---------------------------+-------+-------+-------+-------+-------+-------+-------+-------+-------++-------
  Melee: War axe           |    78 |    29 |       |       |       |       |       |       |       ||   107
         Broad axe         |       |    94 |   228 |   569 |   754 |  1184 |  1247 |  1536 |    32 ||  5644
         Great mace        |       |       |       |       |    30 |    68 |       |       |       ||    98
 Invoke: Vitalisation      |       |       |     1 |     3 |     4 |     8 |     3 |     7 |       ||    26
         Recite            |       |       |     1 |     2 |     2 |     5 |     3 |     8 |       ||    21
         Imprison          |       |       |       |       |       |       |       |     1 |       ||     1
  Evoke: Wand              |       |       |       |       |    14 |    24 |       |     4 |       ||    42
    Use: Scroll            |       |    15 |     4 |    12 |    18 |    13 |     2 |    21 |     2 ||    87
         Potion            |       |       |     6 |     5 |    16 |     9 |     2 |    22 |       ||    60
   Stab: Confused          |       |       |       |     2 |     3 |     5 |     4 |     7 |       ||    21
         Paralysed         |       |       |       |       |     7 |     3 |     4 |     1 |       ||    15
         Sleeping          |       |       |       |       |       |     8 |    23 |    12 |       ||    43
         Distracted        |       |       |       |       |       |     5 |     6 |     3 |       ||    14
         Held in net/web   |       |       |       |       |       |     1 |       |       |       ||     1
         Invisible         |       |       |       |       |       |     1 |       |       |       ||     1
 Armour: Scale mail        |    44 |    16 |       |       |       |       |       |       |       ||    60
         Chain mail        |       |    41 |    96 |   202 |   306 |       |       |       |       ||   645
         Shadow dragon sca |       |       |       |       |    71 |   802 |   301 |   274 |       ||  1448
         Plate armour      |       |       |       |       |       |       |     1 |       |       ||     1
         Gold dragon scale |       |       |       |       |       |       |       |   341 |    25 ||   366
  Dodge: Dodged            |    41 |    40 |    97 |   184 |   423 |   847 |   571 |   780 |    28 ||  3011
  Block: Buckler           |    15 |    23 |    37 |    85 |   109 |   466 |   455 |       |       ||  1190
         Kite shield       |       |       |       |       |   182 |   285 |       |       |       ||   467
         Tower shield      |       |       |       |       |       |       |   235 |  1620 |    60 ||  1915
